 Dungeon Crawl Stone Soup version 0.31.0-11-ge490571c62 (webtiles) character file.

Game seed: 17299826085561571248

242 qw the Shooter (level 5, 0/25 (26) HPs)
             Began as a Spriggan Hunter on Feb 5, 2024.
             Slain by a wight
             ... wielding a +1 falchion
              (4 damage)
             ... on level 4 of the Dungeon.
             The game lasted 00:01:38 (2780 turns).

qw the Shooter (Spriggan Hunter)                    Turns: 2780, Time: 00:01:38

HP:   0/25 (26)     AC:  2    Str:  7    XL:     5   Next: 81%
MP:   6/6           EV: 20    Int: 10    God:
Gold: 196           SH:  0    Dex: 21    Spells: 4/4 levels left

rFire   . . .        a - +1 shortbow
rCold   . . .        (shield currently unavailable)
rNeg    . . .        c - +0 robe
rPois   .            (helmet restricted)
rElec   .            (no cloak)
rCorr   .            (gloves unavailable)
SInv    +            (boots unavailable)
Will    +....        (no amulet)
Stlth   ++           f - ring of willpower
HPRegen 0.24/turn    (no ring)
MPRegen 0.10/turn

%: no passive effects
@: lightly drained, very quick
A: very small, no large weapons, unfitting armour, see invisible, speed 3
a: no special abilities


You were on level 4 of the Dungeon.
You visited 1 branch of the dungeon, and saw 4 of its levels.

You collected 196 gold pieces.


Innate Abilities, Weirdness & Mutations

You are very small and have problems with some larger weapons.
You are too small for most types of armour.
You have supernaturally acute eyesight. (SInv)
You cover ground extremely quickly. (Speed+++)


   Skills:
 - Level 2.1 Fighting
 - Level 6.0 Ranged Weapons
 + Level 5.1 Dodging
 - Level 1.5 Stealth


You had 4 spell levels left.
You didn't know any spells.
Your spell library was empty.

Inventory:

Hand Weapons
 a - a +1 shortbow (weapon)
Armour
 c - a +0 robe (worn)
Jewellery
 b - an amulet of regeneration
 d - a +6 ring of intelligence
 f - a ring of willpower (left hand)
Scrolls
 k - a scroll of fear {unknown}
Potions
 e - 2 potions of haste
 g - a potion of attraction {unknown}
 h - a potion of magic {unknown}
 i - a potion of enlightenment {unknown}
 j - a potion of berserk rage {unknown}

Dungeon Overview and Level Annotations

Branches:
Dungeon (4/15)
 Temple: D:4-7

Altars:
Yredelemnul
The Shining One

Shops:
D:1 [

Annotations:
D:3 1 runed translucent door, Crazy Yiuf


Message History

You kill the jackal!
A jackal comes into view.
You shoot an arrow. The arrow barely misses the jackal.
You shoot an arrow. The arrow hits the jackal.
The jackal is heavily wounded.
You shoot an arrow. The arrow hits the jackal!
You kill the jackal!
Found a book of Misfortune.
You now have 196 gold pieces (gained 17).
Found 4 stones.
You enter the shallow water.
Moving in this stuff is going to be slow.
Found an escape hatch in the ceiling.
A wight comes into view. It is wielding a +4 great sword.
You shoot an arrow. The arrow hits the wight.
The wight is moderately damaged.
A wight comes into view. It is wielding a +1 falchion.
You shoot an arrow.
The arrow hits the wight but does no damage.
The wight is moderately damaged.
You shoot an arrow. The arrow hits the wight.
The wight is moderately damaged.
You shoot an arrow.
The arrow hits the wight but does no damage.
The wight is moderately damaged.
You shoot an arrow. The arrow closely misses the wight.
You shoot an arrow. The arrow closely misses the wight.
You shoot an arrow. The arrow closely misses the wight.
The wight completely misses you.
You shoot an arrow. The arrow hits the wight!
The wight is severely damaged.
The wight completely misses you.
The wight hits you with a +4 great sword!
You feel drained.
You shoot an arrow.
The arrow hits the wight but does no damage.
The wight is severely damaged.
The wight hits you with a +1 falchion. The wight completely misses you.
The wight hits you with a +1 falchion.
You die...

#~~~~~~~~~.~.~~~~~~~
#.~~~~~~~~~~.~~~~~~~
#~.~~~~~~~~~~~~~.~~
##.~.~...~......#~
#########......#
##(....# #.....#
##.<..# #..z@#
####z# ..# ..## ..#
..# ..# ..#


You could see 2 wights.

Vanquished Creatures
  Jessica (D:3)
  An orc wizard (D:4)
  A scorpion zombie (D:3)
  Terence (D:3)
  4 adders
  2 ufetubi (D:4)
  2 adder zombies (D:3)
  3 dart slugs
  A ribbon worm (D:4)
  6 orcs
  5 bats
  5 endoplasms
  A giant cockroach (D:2)
  8 goblins
  5 hobgoblins
  9 jackals
  6 kobolds
  5 ball pythons
  2 frilled lizards
  A quokka zombie (D:3)
  6 rats
75 creatures vanquished.

Notes
Turn   | Place    | Note
-------+----------+-------------------------------------------
     0 | D:1      | qw the Spriggan Hunter began the quest for the Orb.
     0 | D:1      | Reached XP level 1. HP: 10/10 MP: 2/2
     0 | D:1      | 0 ||| qw: Version: 0.3-a-160-g6735b56
     0 | D:1      | 0 ||| qw: Game counter: 6336
     0 | D:1      | 0 ||| qw: Melee chars always use a shield: true
     0 | D:1      | 0 ||| qw: God list: Okawaru
     0 | D:1      | 0 ||| qw: Allow faded altars: false
     0 | D:1      | 0 ||| qw: Do Orc after clearing Dungeon:15 true
     0 | D:1      | 0 ||| qw: Do second Lair branch before Depths: true
     0 | D:1      | 0 ||| qw: Lair rune preference: random
     0 | D:1      | 0 ||| qw: Goals: Normal
     0 | D:1      | 0 ||| PLANNING D:1-11
    99 | D:1      | 99 ||| READING scroll labelled NELLA WALESMEGAU.
    99 | D:1      | 99 ||| IDENTIFYING grey potion
   100 | D:1      | 100 ||| DROPPING scroll of butterflies.
   106 | D:1      | Reached skill level 3 in Dodging
   234 | D:1      | Reached XP level 2. HP: 12/14 MP: 3/3
   424 | D:1      | Found Zuicadaski's Armour Shop.
   433 | D:1      | 433 ||| SHOPLISTING +1 cloak of preservation (231 gold,
                  | have 63).
   518 | D:1      | 518 ||| UPGRADING to ring of willpower.
   519 | D:1      | 519 ||| READING scroll of identify.
   519 | D:1      | 519 ||| IDENTIFYING bubbling red potion
   520 | D:1      | 520 ||| READING scroll labelled HEIGHAEXIHO.
   521 | D:1      | 521 ||| READING 3 scrolls labelled KASKUZ FUIZXINN.
   522 | D:1      | 522 ||| READING scroll labelled UQYOCZ QOWO.
   623 | D:1      | 623 ||| DROPPING potion of brilliance.
   624 | D:1      | 624 ||| DROPPING 2 scrolls of poison.
   786 | D:2      | Reached XP level 3. HP: 18/18 MP: 4/4
  1120 | D:2      | 1120 ||| FLEEEEING.
  1121 | D:2      | 1121 ||| FLEEEEING.
  1122 | D:2      | 1122 ||| FLEEEEING.
  1124 | D:2      | 1124 ||| FLEEEEING.
  1125 | D:2      | 1125 ||| FLEEEEING.
  1126 | D:2      | 1126 ||| FLEEEEING.
  1127 | D:2      | 1127 ||| FLEEEEING.
  1129 | D:2      | 1129 ||| FLEEEEING.
  1130 | D:2      | 1130 ||| FLEEEEING.
  1132 | D:2      | 1132 ||| FLEEEEING.
  1133 | D:2      | 1133 ||| FLEEEEING.
  1135 | D:2      | 1135 ||| FLEEEEING.
  1136 | D:2      | 1136 ||| FLEEEEING.
  1137 | D:2      | 1137 ||| FLEEEEING.
  1141 | D:2      | 1141 ||| FLEEEEING.
  1142 | D:2      | 1142 ||| FLEEEEING.
  1143 | D:2      | 1143 ||| FLEEEEING.
  1144 | D:2      | 1144 ||| FLEEEEING.
  1145 | D:2      | 1145 ||| FLEEEEING.
  1146 | D:2      | 1146 ||| FLEEEEING.
  1147 | D:2      | 1147 ||| FLEEEEING.
  1158 | D:2      | Reached skill level 5 in Ranged Weapons
  1474 | D:3      | HP: 4/18 [adder zombie (1)]
  1475 | D:3      | Reached XP level 4. HP: 5/22 MP: 5/5
  1481 | D:3      | HP: 3/22 [adder zombie (2)]
  1565 | D:3      | Found a basalt altar of Yredelemnul.
  1601 | D:3      | Noticed Jessica
  1606 | D:3      | Killed Jessica
  1610 | D:3      | Noticed Terence
  1622 | D:3      | Killed Terence
  1623 | D:3      | Reached XP level 5. HP: 26/26 MP: 6/6
  1839 | D:3      | Found a faded altar of an unknown god.
  2038 | D:3      | Found a runed translucent door.
  2039 | D:3      | Noticed Crazy Yiuf
  2216 | D:3      | 2216 ||| READING scroll labelled VIKE UXZUOCOI.
  2217 | D:3      | 2217 ||| READING scroll labelled NYRPHOKOGEO.
  2217 | D:3      | 2217 ||| ENCHANTING +0 shortbow.
  2218 | D:3      | 2218 ||| READING scroll labelled UZXUDA ZALU.
  2290 | D:4      | 2290 ||| STAIRDANCE
  2316 | D:4      | 2316 ||| STAIRDANCE
  2344 | D:4      | 2344 ||| STAIRDANCE
  2355 | D:4      | 2355 ||| STAIRDANCE
  2371 | D:4      | 2371 ||| STAIRDANCE
  2456 | D:4      | Found a glowing golden altar of the Shining One.
  2650 | D:4      | Reached skill level 6 in Ranged Weapons
  2780 | D:4      | HP: 4/25 [wight/+1 falchion (6)]
  2780 | D:4      | Slain by a wight

Levels and vault maps discovered:
D:1:      lemuel_arrival_broad_hall, layout_basic, serial_shops, shop,
          due_unseen_surprise
D:2:      layout_loops_ring, dreamdust_wishing_well, grunt_decor_fettered
D:3:      layout_basic, nicolae_yredelemnul_corpse_copse,
          shapermc_ecumenical_altar_rom_forum, nicolae_elevator_lobby_asterisk,
          uniq_jessica, uniq_crazy_yiuf_cottage, uniq_terence
D:4:      layout_cave_pods, okawaru_ov_weapons_minmay, kennysheep_slug_shrine,
          mainiacjoe_overflow_concentric_impassable, st_stairs_2,
          chequers_serial_rivers_large_a

Skill      XL: |  1  2  3  4  5 |
---------------+----------------+-----
Dodging        | 3 4 5 |  5.1
Ranged Weapons | 5 6 |  6.0
Fighting       | 2 |  2.1
Stealth        | |  1.5

Action                     |  1- 3 |  4- 6 || total
---------------------------+-------+-------++-------
   Fire: Shortbow          |   149 |   132 ||   281
    Use: Scroll            |     5 |     3 ||     8
 Armour: Robe              |    32 |    38 ||    70
  Dodge: Dodged            |    88 |    78 ||   166

Table legend:
 A = Non-vault XP
 B = Vault XP
 C = Vault XP percentage of total XP
 D = Non-vault monster count
 E = Vault monster count
 F = Vault count percentage of total count
                 A         B        C        D         E       F
            +---------+---------+-------+---------+---------+-------
      Total |     224 |     122 |  35.3 |      69 |       6 |   8.0
            +---------+---------+-------+---------+---------+-------
        D:1 |      29 |       0 |   0.0 |      17 |       0 |   0.0
        D:2 |      65 |       0 |   0.0 |      24 |       0 |   0.0
        D:3 |      42 |     122 |  74.4 |      15 |       6 |  28.6
        D:4 |      88 |       0 |   0.0 |      13 |       0 |   0.0
            +---------+---------+-------+---------+---------+-------
